[Event "*** Titled Tuesday Blitz"]
[Site "Chess.com"]
[Date "2020.05.05"]
[Round "8"]
[White "woodhy"]
[Black "Zakaryan_David"]
[Result "1-0"]
[WhiteElo "2434"]
[BlackElo "2546"]
[TimeControl "180+1"]
[EndTime "11:35:51 PDT"]
[Termination "woodhy won by resignation"]

1. e4 c5 2. Nf3 d6 3. d4 cxd4 4.
Nxd4 Nf6 5. f3 e5 6. Bb5+ Nbd7 7. Nf5 a6 8. Ba4 b5 9. Bb3 Nc5 10. Nc3 Nxb3 11. axb3 Bxf5 12. exf5 d5 13. O-O Bc5+ 14. Kh1 O-O 15. Bg5 d4 16. Ne4 Be7 17. Bxf6 Bxf6 18.
Qd3 Rc8 19. Rxa6 Qc7 20. Rf2 Be7 21. Qxb5 Rfd8 22. h3 Bf8 23. Qd3 Qb7 24. Ra4 Ra8 25.
Rxa8 Qxa8 26. f6 g6 27. Rf1 Qa2 28. Qc4 Qxb2 29. Ng5 Rd7 30. Qc8 Ra7 31. Nxh7 Qa3 32. Nxf8 Qxf8 33. Qxf8+ Kxf8 34. Re1 Ra5 35. Re4 Rd5 36.
f4 exf4 37. Rxf4 Ke8 38. Kg1 Kd7 39. Kf2 Kc6 40. Ke2 Kc5 41. Kd3 Rd6 42. g4 Rd5 43. b4+ Kb5 44. Rxd4 Re5 45. Kc3 Re3+ 46. Rd3 Re4 47.
Rd5+ Kc6 48. Rc5+ Kb6 49. Kb3 Re3+ 50. Rc3 Re4 51. Rd3 Rf4 52. c4 Rxf6 53. Rd6+ Rxd6 54. c5+ Kc6 55. cxd6 Kxd6 56. Kc4 Kc6 57. h4 f5 58. gxf5 gxf5 59. h5 f4 60. h6 f3 61. Kd3 Kd5 62. h7 f2 63. Ke2 Ke4 64. Kxf2 Kd4 65. h8=Q+ Kc4 66. Ke3 1-0

[Event "*** Titled Tuesday Blitz"]
[Site "Chess.com"]
[Date "2020.05.05"]
[Round "8"]
[White "Oligan22"]
[Black "FedaMaster"]
[Result "1-0"]
[WhiteElo "2384"]
[BlackElo "2520"]
[TimeControl "180+1"]
[EndTime "11:35:51 PDT"]
[Termination "Oligan22 won on time"]

1. e4 d5 2. exd5 Qxd5 3. Nf3 Bg4 4. Be2 Nc6 5. d4 O-O-O 6. c4 Qf5 7. Be3 Bxf3 8. Bxf3 Nxd4 9. Bxd4 Qe6+ 10. Be2 Qe4 11. O-O Rxd4 12. Qa4 Qxe2 13. Nc3 Qxc4 14. Qxa7 Nf6 15.
Nb5 Qxb5 16. Qxd4 e5 17. Qc3 Bd6 18. a4 Qb4 19. Qh3+ Qg4 20. Qe3 Qd4 21. Qb3 Qb4 22.
Qg3 Rg8 23. a5 Qg4 24. Qb3 Qb4 25. Qxf7 Rf8 26. Qxg7 Qf4 27. a6 Rg8 28. Qxg8+ Nxg8 29. a7 Kd7 30. a8=Q Nf6 31. Qa4+ c6 32. Qxf4 exf4 33. Rfd1 Nd5 34. Rd3 b5 35. Rh3 Ke6 36. Rxh7 Be5 37. Rh6+ Nf6 38. Ra6 Kd5 39. b3 Ne4 40.
Rhxc6 Nc5 41. Rab6 Nxb3 42. Rc8 Nd4 43. h4 f3 44. h5 fxg2 45. Kxg2 1-0

[Event "*** Titled Tuesday Blitz"]
[Site "Chess.com"]
[Date "2020.05.05"]
[Round "8"]
[White "davigator"]
[Black "LamaChampetre"]
[Result "0-1"]
[WhiteElo "2282"]
[BlackElo "2184"]
[TimeControl "180+1"]
[EndTime "11:35:51 PDT"]
[Termination "LamaChampetre won by checkmate"]

1. e4 c5 2. Nf3 g6 3. d4 cxd4 4. Qxd4 Nf6 5. Bb5 a6 6. Ba4 b5 7. e5 Nc6 8. Qh4 Nxe5 9. Nxe5 bxa4 10. Qxa4 Bg7 11. O-O O-O 12. Nc3 d6 13. Nf3 Bd7 14. Qh4 Bc6 15. Nd4 Bb7 16. Rd1 Qa5 17. Nb3 Qh5 18.
Qxh5 Nxh5 19. Bg5 Nf6 20. Na5 Rab8 21. Nxb7 Rxb7 22. Rab1 Rfb8 23. b3 h6 24. Bxf6 Bxf6 25. Nd5 Kg7 26. c4 a5 27. g3 a4 28. b4 Rc8 29. Rdc1 Bd4 30. a3 e6 31. Ne3 Bxe3 32. fxe3 Rbc7 33. c5 dxc5 34. b5 Rb7 35. Rc4 Rd8 36.
Rxa4 Rd3 37. Kf2 c4 38. b6 c3 39. Rc4 Rd2+ 40. Kf3 c2 41. Rb3 Rxh2 42. a4 g5 43. a5 f5 44. a6 Rd7 45. e4 g4+ 46. Ke3 Rd1 47. Rxc2 Rxc2 48. b7 Rd8 49. a7 Kf6 50. b8=Q Rdd2 51. e5+ Kg5 52. Qd8+ Kh5 53. Qh4+ Kg6 54.
Rd3 Re2+ 55. Kd4 Re4# 0-1

[Event "*** Titled Tuesday Blitz"]
[Site "Chess.com"]
[Date "2020.05.05"]
[Round "8"]
[White "Quaternitychess"]
[Black "AnishGiri"]
[Result "0-1"]
[WhiteElo "2522"]
[BlackElo "3043"]
[TimeControl "180+1"]
[EndTime "11:35:53 PDT"]
[Termination "AnishGiri won by checkmate"]

1. e4 c5 2. Nc3 Nc6 3. f4 g6 4. Nf3 Bg7 5. a3 d6 6. Bc4 e6 7. d3 Nge7 8. O-O O-O 9. Qe1 a6 10. Ba2 b5 11. f5 gxf5 12. Qh4 Ng6 13. Qh5 f4 14. Ne2 Nce5 15. Nxf4 Nxf3+ 16. Rxf3 Qh4 17.
Qxh4 Nxh4 18. Rh3 Ng6 19. Nh5 Bd4+ 20. Kh1 f5 21. c3 Bh8 22. Bh6 Rf7 23. exf5 Rxf5 24.
Ng3 Rf2 25. Rb1 d5 26. Kg1 Rf7 27. Re1 Bd7 28. Nh5 a5 29. Rhe3 b4 30. Rxe6 Bxe6 31. Rxe6 bxc3 32. bxc3 Rd8 33. g3 Bxc3 34. Kg2 Bd4 35. h4 Rf2+ 36. Kh3 Rxa2 37. Ra6 c4 38. Ra7 Bxa7 39. dxc4 dxc4 40. Nf6+ Kf7 41. Nxh7 c3 42.
Ng5+ Kg8 43. Ne4 c2 44. Nf6+ Kf7 45. Ng4 Rd3 46. Bg5 Raxa3 47. Nh6+ Ke6 48. Kg4 Rxg3+ 49. Kh5 Rxg5+ 50. hxg5 Nf4+ 51. Kg4 c1=Q 52. Nf5 Qd1+ 53.
Kxf4 Qf3# 0-1

[Event "*** Titled Tuesday Blitz"]
[Site "Chess.com"]
[Date "2020.05.05"]
[Round "8"]
[White "afgano29"]
[Black "TengisChess"]
[Result "1-0"]
[WhiteElo "2700"]
[BlackElo "2536"]
[TimeControl "180+1"]
[EndTime "11:35:53 PDT"]
[Termination "afgano29 won by checkmate"]

1. d4 Nf6 2. c4 g6 3. Nc3 Bg7 4. e4 O-O 5. Nf3 c5 6. d5 d6 7. h3 Na6 8. Bd3 Nc7 9. O-O a6 10. a4 Rb8 11. Re1 Nd7 12. Bf4 f6 13. a5 Ne5 14.
Be2 Nxf3+ 15. Bxf3 Bd7 16. Qd2 b5 17. axb6 Rxb6 18.
Ra2 Qb8 19. h4 Qb7 20. Re2 Rb8 21. Bh6 Rb4 22. Bxg7 Kxg7 23. Qd3 h5 24. Rc2 Qc8 25. Be2 Qe8 26. f4 Qc8 27. Qe3 Bg4 28. e5 Bf5 29. Rd2 Qd7 30. Bf1 Rf8 31. Ra1 Rfb8 32. Nd1 Rb3 33.
Qe1 Bg4 34. Ne3 Rxb2 35. Rxb2 Rxb2 36. Qc3 Rb6 37. Re1 Ne8 38. Bd3 Qb7 39. Bc2 Qc7 40. Nxg4 hxg4 41. h5 Rb8 42. Qd3 f5 43. hxg6 Qa5 44.
Rf1 Nc7 45. exd6 exd6 46. Qxf5 Rf8 47. Qd7+ Kf6 48. Qxd6+ Kg7 49. Qe7+ Kg8 50. Qh7# 1-0

[Event "*** Titled Tuesday Blitz"]
[Site "Chess.com"]
[Date "2020.05.05"]
[Round "8"]
[White "jfriedel"]
[Black "kleopl"]
[Result "0-1"]
[WhiteElo "2559"]
[BlackElo "2461"]
[TimeControl "180+1"]
[EndTime "11:35:53 PDT"]
[Termination "kleopl won by resignation"]

1. d4 Nf6 2. c4 g6 3. Nc3 d5 4.
cxd5 Nxd5 5. e4 Nxc3 6. bxc3 c5 7.
Be3 Bg7 8. Qd2 O-O 9. Rc1 Nc6 10. d5 Na5 11. h4 h5 12. Nf3 b6 13. c4 Nb7 14. Bd3 Bg4 15. Nh2 Bc8 16. Bh6 e5 17. Bg5 f6 18. Be3 Nd6 19. O-O Qe8 20. f4 exf4 21. Rxf4 Nf7 22. Rcf1 Ne5 23. Be2 Ba6 24.
Qc2 Rd8 25. g4 hxg4 26. Nxg4 Nxg4 27. Bxg4 Bh6 28. Be6+ Kg7 29. Qf2 Qe7 30. Kg2 Bc8 31. Bxc8 Rxc8 32. Rf3 Qxe4 33. Bxh6+ Kxh6 34. Re1 Qg4+ 35.
Rg3 Qd4 36. Qf3 Rce8 37. Re6 Rxe6 38. dxe6 Qxc4 39. Qe3+ Kg7 40. e7 Re8 41. Kh3 Qf7 42.
Qe4 Rxe7 43. Rxg6+ Qxg6 44. Qxe7+ Qf7 45. Qxf7+ Kxf7 46.
Kg4 Kg6 0-1

[Event "*** Titled Tuesday Blitz"]
[Site "Chess.com"]
[Date "2020.05.05"]
[Round "8"]
[White "mfwagnerpeixoto"]
[Black "Caisachess"]
[Result "1/2-1/2"]
[WhiteElo "2209"]
[BlackElo "2330"]
[TimeControl "180+1"]
[EndTime "11:35:53 PDT"]
[Termination "Game drawn by repetition"]

1. d4 Nf6 2. Bf4 e6 3. e3 d5 4.
Nf3 Bd6 5. Bxd6 Qxd6 6. Nbd2 O-O 7. Bd3 Nbd7 8. O-O e5 9. dxe5 Nxe5 10. Nxe5 Qxe5 11. Nf3 Qxb2 12. Nd4 Qa3 13. Rb1 b6 14. Nb5 Qe7 15. c4 c6 16. Nd4 Bd7 17. cxd5 Nxd5 18. Qf3 Rac8 19. Rbc1 Nb4 20. Bb1 c5 21. Nf5 Qf6 22.
Rfd1 Bxf5 23. Bxf5 Rcd8 24. a3 Nc6 25. Rxd8 Rxd8 26.
e4 Nd4 27. Qe3 Nxf5 28. exf5 Qxf5 29. h3 Qd7 30. Re1 h6 31. Qf4 Re8 32. Rxe8+ Qxe8 33. Qc7 Qe1+ 34. Kh2 Qxf2 35. Qxa7 b5 36. Qb8+ Kh7 37.
Qxb5 Qf4+ 38. Kh1 Qc1+ 39. Kh2 Qxa3 40. Qd7 Qb3 41. Qf5+ Kg8 42. Qc8+ Kh7 43. Qf5+ g6 44. Qxc5 Qe6 45. Qf8 h5 46. Kh1 h4 47. Kh2 g5 48.
Kh1 Kg6 49. Qg8+ Kf5 50. Qh7+ Kf4 51. Qh5 Qe1+ 52. Kh2 Qg3+ 53. Kh1 f5 54. Qe8 Qe3 55. Qb8+ Qe5 56. Qb4+ Qe4 57. Qd2+ Qe3 58. Qd6+ Qe5 59. Qd2+ Qe3 60. Qd6+ Ke4 61. Qe6+ Kf4 62. Qd6+ 1/2-1/2

[Event "*** Titled Tuesday Blitz"]
[Site "Chess.com"]
[Date "2020.05.05"]
[Round "8"]
[White "Margarita2907"]
[Black "HanSchut"]
[Result "0-1"]
[WhiteElo "1986"]
[BlackElo "2226"]
[TimeControl "180+1"]
[EndTime "11:35:53 PDT"]
[Termination "HanSchut won on time"]

1. d4 Nf6 2. Nf3 d5 3. e3 g6 4. Bd3 Bg7 5. O-O O-O 6. b3 b6 7. Bb2 Bb7 8. Nbd2 Ne4 9. Qe2 Nd7 10. c4 e6 11. Ne5 Nxe5 12. dxe5 Nxd2 13. Qxd2 dxc4 14.
bxc4 Qd7 15. Qe2 Rfd8 16. Rad1 Qc6 17. f3 Qc5 18. Bd4 Rxd4 19. exd4 Qxd4+ 20. Kh1 Qxe5 21. Qxe5 Bxe5 22. Be4 Bxe4 23. fxe4 Bd6 24. Rfe1 e5 25. Rf1 Kg7 26. Rf3 Re8 27. Rdf1 Re7 28. g4 h6 29.
a4 Bc5 30. Rd3 Bd4 31. Rdf3 Rd7 32. Kg2 Bc5 33. Kg3 Bf8 34. Kf2 Kg8 35. Ke2 Bc5 36.
h3 Bd4 37. Rd1 Kg7 38. Rfd3 f6 39. Rf3 Rd6 40. Rfd3 Rc6 0-1

[Event "*** Titled Tuesday Blitz"]
[Site "Chess.com"]
[Date "2020.05.05"]
[Round "8"]
[White "Charlottemillard17"]
[Black "AthanasiusLefebvre"]
[Result "0-1"]
[WhiteElo "1428"]
[BlackElo "2131"]
[TimeControl "180+1"]
[EndTime "11:35:53 PDT"]
[Termination "AthanasiusLefebvre won on time"]

1. e4 c5 2. Nf3 e6 3. d4 cxd4 4.
Nxd4 a6 5. Nc3 Qc7 6. Be2 b5 7. f4 Bb7 8. Bf3 b4 9. Nce2 Nf6 10. e5 Nd5 11. Bd2 g5 12. Bxd5 Bxd5 13. Rg1 Nc6 14.
Nxc6 Qxc6 15. fxg5 Bc5 16. Rf1 Bxg2 17. Rf4 a5 18. Ng3 Qd5 19. Qh5 Qxe5+ 20. Kd1 Qxb2 21. Qxf7+ Kd8 22. Qf6+ Qxf6 23. Rxf6 Bd4 24. Rb1 Bxf6 25. gxf6 Ke8 26. Bg5 Kf7 27. Ke2 h6 28. Bh4 Rac8 29.
Rc1 Rc4 30. Kf2 Bc6 31. Ne2 Rxh4 32. Kg3 Rh5 33. Nf4 Rg5+ 34. Kf2 Rhg8 35. Ke3 Rf5 36. Rf1 Rxf6 0-1

[Event "*** Titled Tuesday Blitz"]
[Site "Chess.com"]
[Date "2020.05.05"]
[Round "8"]
[White "gmelviro"]
[Black "Jbd735"]
[Result "0-1"]
[WhiteElo "2269"]
[BlackElo "2434"]
[TimeControl "180+1"]
[EndTime "11:35:54 PDT"]
[Termination "Jbd735 won by checkmate"]

1. c4 c6 2. Nf3 d5 3. e3 Nf6 4. Nc3 e6 5. d4 Nbd7 6. Bd3 dxc4 7. Bxc4 b5 8. Bd3 a6 9. O-O c5 10. Qe2 Bd6 11. Rd1 Qc7 12. e4 cxd4 13. Nxd4 Bxh2+ 14. Kh1 Be5 15. Nf3 O-O 16. Bg5 Bxc3 17. bxc3 Bb7 18.
Rac1 Ng4 19. c4 b4 20. Be7 Rfe8 21. Bxb4 h5 22. Bb1 Nc5 23. Re1 Nxe4 24. Bxe4 Bxe4 25. Kg1 Bxf3 26. Qxf3 Qh2+ 27. Kf1 Rab8 28. a3 Red8 29. Rcd1 a5 30. Rxd8+ Rxd8 31. Bxa5 Rc8 32. c5 Rxc5 33.
Qa8+ Kh7 34. Bb4 Rf5 35. Qe4 g6 36. Bc5 Qh1+ 37. Ke2 Qh4 38. g3 Qh2 39. Be3 Re5 40. Qxe5 Nxe5 41. Ra1 Qg2 42. a4 Qf3+ 43. Kf1 Nc4 44.
Ke1 Nxe3 45. Ra3 Qd1# 0-1

[Event "*** Titled Tuesday Blitz"]
[Site "Chess.com"]
[Date "2020.05.05"]
[Round "8"]
[White "penguingm1"]
[Black "Oleksandr_Bortnyk"]
[Result "1-0"]
[WhiteElo "2845"]
[BlackElo "2986"]
[TimeControl "180+1"]
[EndTime "11:35:55 PDT"]
[Termination "penguingm1 won on time"]

1. d4 d6 2. c4 e5 3. Nf3 e4 4. Ng5 f5 5. Nc3 Be7 6. Nh3 Nf6 7.
g3 c6 8. d5 Nbd7 9. Bg2 Ne5 10. b3 cxd5 11. Nxd5 Nxd5 12. Qxd5 Qb6 13. Bb2 Qb4+ 14.
Kf1 Bd7 15. Nf4 Bc6 16. Qe6 Bd7 17. Qxe7+ Kxe7 18. Nd5+ Ke6 19. Nxb4 Bc6 20. f4 Ng4 21.
Bxg7 Rhg8 22. Bd4 a5 23. Nc2 a4 24. h3 Nf6 25. Kf2 e3+ 26. Bxe3 Bxg2 27. Kxg2 Nh5 28. g4 fxg4 29. hxg4 Rxg4+ 30. Kf3 Nf6 31. Nd4+ Kf7 32. Rxh7+ Nxh7 33. Kxg4 axb3 34. Nxb3 Nf6+ 35. Kf3 Rh8 36. Rg1 Rh3+ 37. Rg3 Rh2 38. Bd4 Nh5 39. Rg5 Rh4 40. e3 Rh2 41. Nd2 Rxd2 42. Rxh5 Rxa2 43. Rh7+ Ke6 44.
Rxb7 Rc2 45. Ke4 Rf2 46. f5+ Rxf5 47. Re7+ Kxe7 48. Kxf5 Kd7 49. Kf6 Kc6 50. Ke6 Kc7 51. Kd5 Kd7 52. Bc3 Kc7 53. Bb4 Kd7 54. Bxd6 Kc8 55. e4 Kb7 56. e5 Kc8 57. e6 Kd8 58. c5 Ke8 59. c6 Kd8 60. c7+ Kc8 61. e7 Kb7 62. c8=Q+ Ka7 63. Qb8+ 1-0

[Event "*** Titled Tuesday Blitz"]
[Site "Chess.com"]
[Date "2020.05.05"]
[Round "8"]
[White "serhanberat_ozdemir"]
[Black "chito89"]
[Result "0-1"]
[WhiteElo "2508"]
[BlackElo "2800"]
[TimeControl "180+1"]
[EndTime "11:35:55 PDT"]
[Termination "chito89 won by resignation"]

1. e4 g6 2. d4 Bg7 3. Nc3 d6 4. Nf3 c6 5. Be3 Nd7 6. Qd2 b5 7. Bd3 Ngf6 8. Bh6 Bxh6 9. Qxh6 e5 10. Qd2 Qe7 11. a3 a6 12. O-O O-O 13. Rfe1 c5 14.
dxe5 Nxe5 15. Nxe5 dxe5 16. Nd5 Nxd5 17. exd5 c4 18. Be4 Qd6 19. Qb4 Rd8 20. Qxd6 Rxd6 21. g3 Bb7 22. a4 b4 23. a5 f5 24. Bg2 e4 25. Ra4 b3 26. Rxc4 Bxd5 27. Rc5 bxc2 28. Rxc2 Bb3 29. Rc7 Rad8 30. Bf1 Bd1 31. b4 Bf3 32. b5 axb5 33. Bxb5 Rd1 34. Rc1 R1d2 35. a6 Kg7 36. a7 Ra2 37. Ra1 Rxa1 38. Rxa1 e3 39. fxe3 Be4 40. Be2 g5 41. Kf2 g4 42.
h3 gxh3 43. Bf3 Rd2+ 44. Ke1 Bxf3 45. Kxd2 h2 46. Kd3 h1=Q 47. Rxh1 Bxh1 48. Kd4 Kg6 49. Ke5 Kg5 50. g4 Kxg4 51. e4 0-1

[Event "*** Titled Tuesday Blitz"]
[Site "Chess.com"]
[Date "2020.05.05"]
[Round "8"]
[White "PavelChernomordik"]
[Black "Sjakkerntobi"]
[Result "1/2-1/2"]
[WhiteElo "2412"]
[BlackElo "2250"]
[TimeControl "180+1"]
[EndTime "11:35:55 PDT"]
[Termination "Game drawn by repetition"]

1. e4 e6 2. Nc3 d5 3. d4 Bb4 4. Ne2 dxe4 5. a3 Bxc3+ 6. Nxc3 f5 7. f3 exf3 8. Qxf3 Nf6 9. Bf4 O-O 10. O-O-O Nd5 11. Bc4 c6 12. Be5 Nd7 13. Bd6 Re8 14. g4 N7f6 15. g5 Qxd6 16. gxf6 Nxf6 17. Qxf5 b5 18.
Bb3 a5 19. Rhg1 Kh8 20. Qg5 Qc7 21. Rdf1 Rf8 22. Ne4 Qe7 23. Nc5 b4 24. a4 Ba6 25. Re1 Bc8 26. Bxe6 Ng8 27. Qg3 Bxe6 28. Rxe6 Qf7 29. Rxc6 Ne7 30. Rc7 Qf6 31. Nd7 Qf4+ 32.
Qxf4 Rxf4 33. Ne5 Re8 34. c3 bxc3 35. bxc3 Ng6 36. Nxg6+ hxg6 37. Rxg6 Re2 38. Rg1 Rff2 39. Rcxg7 Rc2+ 40. Kd1 Rcd2+ 41. Ke1 Rde2+ 42. Kd1 Rd2+ 43. Kc1 Rc2+ 44. Kd1 Rcd2+ 1/2-1/2

[Event "*** Titled Tuesday Blitz"]
[Site "Chess.com"]
[Date "2020.05.05"]
[Round "8"]
[White "sm_sharon"]
[Black "Klavdia_Nik"]
[Result "1-0"]
[WhiteElo "2175"]
[BlackElo "1941"]
[TimeControl "180+1"]
[EndTime "11:35:55 PDT"]
[Termination "sm_sharon won on time"]

1. e4 e5 2. Nf3 Nc6 3. Bc4 Be7 4. O-O Nf6 5. d3 d6 6. h3 O-O 7. Re1 a6 8. Nbd2 Na5 9. c3 b5 10. Bd5 c6 11. Bb3 Nxb3 12. axb3 Bb7 13. Nf1 Qc7 14. Ne3 Rfe8 15. Nf5 Bf8 16. b4 d5 17. Qc2 h6 18.
Be3 Kh7 19. Bc5 Nd7 20. Bxf8 Nxf8 21. Qd2 Rad8 22. Qe3 Ng6 23. g3 f6 24. Nh2 Ne7 25. Nxe7 Rxe7 26. Qc5 Red7 27. Nf3 Qd6 28. Qxd6 Rxd6 29.
exd5 cxd5 30. d4 e4 31. Nd2 Bc8 32. Kh2 f5 33. h4 g6 34. Nb3 f4 35. Nc5 Rf6 36.
Rf1 Rdf8 37. Kg2 g5 38. hxg5 hxg5 39. Rh1+ Kg6 40. g4 Bxg4 41. Kg1 Bc8 42. Rh2 Kf5 43.
Kg2 f3+ 44. Kg3 Kg6 45. Rah1 Rg8 46. Rh7 Rg7 47. R1h6+ 1-0

[Event "*** Titled Tuesday Blitz"]
[Site "Chess.com"]
[Date "2020.05.05"]
[Round "8"]
[White "Micki-taryan"]
[Black "AvitalBor"]
[Result "1-0"]
[WhiteElo "3075"]
[BlackElo "2830"]
[TimeControl "180+1"]
[EndTime "11:35:56 PDT"]
[Termination "Micki-taryan won by resignation"]

1. d4 e6 2. Nf3 Nf6 3. c4 d5 4.
Nc3 Bb4 5. cxd5 exd5 6. Bf4 O-O 7. e3 c5 8. dxc5 Qa5 9. Be5 Ne4 10. a3 Bxc3+ 11. Bxc3 Nxc3 12. Qd2 Qxc5 13. Rc1 Nc6 14. Rxc3 Qd6 15. Be2 Bf5 16. O-O Rfd8 17. Rd1 Be4 18. Nd4 Ne5 19. f3 Bg6 20. Rdc1 a6 21. f4 Nc4 22. Bxc4 dxc4 23. Rxc4 Be4 24. Rc5 h6 25. Re5 Qg6 26. Qf2 Rac8 27. Rf1 Rxd4 28. f5 Qxg2+ 29.
Qxg2 Bxg2 30. Kxg2 Rd2+ 31. Rf2 Rxf2+ 32. Kxf2 Rc2+ 33. Kg3 Rxb2 34. Re8+ Kh7 35. e4 f6 36. a4 Rb4 37. a5 Rb5 38. Re7 h5 39. h4 Rxa5 40.
Rxb7 Ra3+ 41. Kg2 Re3 42. Rb4 Ra3 43. Rb7 a5 44. e5 fxe5 45. f6 Kg8 46. Rxg7+ Kf8 47.
Rg5 Re3 48. Rxh5 Kf7 49. Rf5 a4 50. h5 a3 51. h6 a2 52. Rf1 Re4 53. Ra1 Rg4+ 54.
Kf3 Rf4+ 55. Ke3 Rxf6 56. h7 Rh6 57. h8=Q Rxh8 58. Rxa2 Kf6 59. Rf2+ Ke6 60. Ra2 Rh3+ 61. Ke4 Rh2 62. Rxh2 1-0

[Event "*** Titled Tuesday Blitz"]
[Site "Chess.com"]
[Date "2020.05.05"]
[Round "8"]
[White "PlayChessSimple"]
[Black "chessdjw"]
[Result "0-1"]
[WhiteElo "2488"]
[BlackElo "2663"]
[TimeControl "180+1"]
[EndTime "11:35:56 PDT"]
[Termination "chessdjw won on time"]

1. e4 c5 2. Nf3 d6 3. d4 cxd4 4. Nxd4 Nf6 5. Nc3 a6 6. g3 e6 7. Bg2 Be7 8. O-O O-O 9. f4 Nc6 10. Nb3 Qc7 11. Kh1 Rb8 12. Be3 b5 13. a3 Bb7 14.
Qe2 Rfc8 15. g4 g6 16. Rad1 Na5 17. g5 Nh5 18. f5 Nc4 19. Bc1 Re8 20. Qf2 Bf8 21.
fxe6 fxe6 22. Rd3 Bg7 23. Nd4 Qe7 24. Bh3 Bxd4 25. Qxd4 Rf8 26. Rdf3 Rxf3 27. Rxf3 Ne5 28. Rf1 Rf8 29. Rxf8+ Kxf8 30. Qf2+ Ke8 31. Be3 Nc4 32. Bd4 Qxg5 33. Bxe6 Qc1+ 34. Qg1 Qxc2 35. Qg5 Bxe4+ 36. Kg1 Nf4 37. Bf7+ Kxf7 38. Qf6+ Ke8 39. Qh8+ Kd7 0-1

[Event "*** Titled Tuesday Blitz"]
[Site "Chess.com"]
[Date "2020.05.05"]
[Round "8"]
[White "kakakz"]
[Black "northridgehawk"]
[Result "0-1"]
[WhiteElo "2416"]
[BlackElo "2284"]
[TimeControl "180+1"]
[EndTime "11:35:56 PDT"]
[Termination "northridgehawk won by resignation"]

1. d4 Nf6 2. c4 g6 3. Nc3 d5 4.
cxd5 Nxd5 5. e4 Nxc3 6. bxc3 Bg7 7. Be3 c5 8. Rc1 O-O 9. Nf3 Nc6 10. Be2 cxd4 11. cxd4 Qa5+ 12. Qd2 Qxd2+ 13. Kxd2 Rd8 14. Rc4 Bg4 15. d5 e6 16. Rb1 exd5 17. exd5 Rxd5+ 18. Ke1 Na5 19. Rxg4 Rad8 20. Ra4 b6 21. g3 Rc8 22.
Rc1 Rxc1+ 23. Bxc1 Rc5 24. Kd1 Rd5+ 25. Bd2 h6 26. h4 f5 27. Ke1 Kh7 28. Bxa5 bxa5 29.
Rc4 Rd7 30. Rc2 Bf6 31. Bb5 Re7+ 32. Re2 Rb7 33. a4 Kg7 34. Re6 g5 35. hxg5 hxg5 36. Ke2 Rc7 37. Ne5 Rc1 38. Nd7 Bc3 39. Re7+ Kg6 40.
Bd3 Re1+ 41. Kf3 Rxe7 42. Nc5 g4+ 43. Kg2 Bd4 44. Nb3 Bb6 45. Kf1 Kg5 46. Nd2 Rd7 47. Ke2 Bxf2 48. Bb5 Rd6 49. Nf1 Bb6 50. Bd3 Re6+ 51. Kd2 f4 52. gxf4+ Kxf4 53. Bc4 Rd6+ 54.
Ke2 g3 55. Nxg3 Kxg3 0-1

[Event "*** Titled Tuesday Blitz"]
[Site "Chess.com"]
[Date "2020.05.05"]
[Round "8"]
[White "Irina_Barchuk"]
[Black "Corpescador"]
[Result "1-0"]
[WhiteElo "2224"]
[BlackElo "2374"]
[TimeControl "180+1"]
[EndTime "11:35:56 PDT"]
[Termination "Irina_Barchuk won by resignation"]

1. e4 c5 2. Nf3 d6 3. d4 cxd4 4. Nxd4 Nf6 5. Nc3 a6 6. Be3 e5 7.
Nb3 Be6 8. Qd2 Nbd7 9. O-O-O Qc7 10. f4 b5 11. h3 Rc8 12. Kb1 Be7 13. Bd3 Nb6 14.
g4 Nc4 15. Bxc4 bxc4 16. Nc1 Rb8 17. Nd5 Qb7 18. Nxf6+ gxf6 19. c3 Qxe4+ 20. Ka1 Bd7 21. Ne2 Ba4 22. Ng3 Qf3 23. Rdg1 Qc6 24. Nf5 Bf8 25. Rh2 d5 26. g5 Qe6 27. Ng3 Bc6 28.
gxf6 e4 29. Bd4 Qd7 30. f5 Rg8 31. Nh5 Rxg1+ 32. Bxg1 Qb7 33. Ng7+ Kd7 34. Be3 Bd6 35. Bf4 Qc7 36. Bxd6 Qxd6 37. Rg2 Qxf6 38. Qg5 Qxg5 39.
Rxg5 Rg8 40. f6 Kc7 41. Ne6+ fxe6 42. Rxg8 e3 43. f7 e2 44. Rg1 d4 45. f8=Q Bg2 46. Qg7+ Kb6 47. Qxg2 d3 48. Qf2+ Kc6 1-0

[Event "*** Titled Tuesday Blitz"]
[Site "Chess.com"]
[Date "2020.05.05"]
[Round "8"]
[White "guillembaches"]
[Black "Savagelittlemole"]
[Result "0-1"]
[WhiteElo "2421"]
[BlackElo "2571"]
[TimeControl "180+1"]
[EndTime "11:35:57 PDT"]
[Termination "Savagelittlemole won on time"]

1. e4 c5 2. Nf3 d6 3. d4 cxd4 4.
Nxd4 Nf6 5. Nc3 a6 6. Be2 e5 7. Nf3 Be7 8. Bg5 Be6 9. Bxf6 Bxf6 10. Nd5 Nd7 11. Bc4 O-O 12. O-O Rc8 13. Qe2 b5 14. Bb3 Nc5 15. Rad1 Nxb3 16. axb3 Be7 17. c3 f5 18.
exf5 Bxf5 19. Ne3 Qe8 20. Nxf5 Rxf5 21. Qe4 Rf4 22. Qd5+ Kh8 23. g3 Rf6 24. Nd2 Rh6 25. Qg2 Qh5 26. Ne4 Qg4 27. Rd5 Rf8 28. f3 Qe6 29. Rfd1 Rh5 30. b4 Rhf5 31. R5d3 Qf7 32. Rf1 d5 33. Nd2 h6 34. Kh1 e4 35. Re3 Bg5 36. f4 Bd8 37. Re2 Bb6 38. Rd1 g5 39. fxg5 Rxg5 40. Rf1 Rf5 41. Rxf5 Qxf5 42. h3 e3 43. Nb3 Qb1+ 44. Kh2 Rf2 45. Rxf2 exf2 46.
Nd2 Qg1+ 0-1

[Event "*** Titled Tuesday Blitz"]
[Site "Chess.com"]
[Date "2020.05.05"]
[Round "8"]
[White "plumalka"]
[Black "1f3_2g41-0"]
[Result "0-1"]
[WhiteElo "2434"]
[BlackElo "2303"]
[TimeControl "180+1"]
[EndTime "11:35:58 PDT"]
[Termination "1f3_2g41-0 won by checkmate"]

1. e4 c5 2. Nf3 d6 3. d4 cxd4 4. Nxd4 Nf6 5. Nc3 a6 6. Nb3 g6 7. Be2 Bg7 8. g4 Nc6 9. Be3 b5 10. f3 Bb7 11. Qd2 h5 12. g5 Nd7 13. O-O-O O-O 14.
f4 Na5 15. Nd5 Nxb3+ 16. axb3 e6 17. Nc3 b4 18. Na4 Bxe4 19. Rhe1 d5 20. Bd3 Bf3 21.
Be2 Be4 22. Kb1 Rc8 23. Bd3 Bf3 24. Rc1 d4 25. Bg1 Nb6 26. Be4 Bxe4 27. Rxe4 Nxa4 28.
bxa4 Qd5 29. Ree1 a5 30. Red1 Rfd8 31. Qd3 Qc6 32. Rd2 Qxa4 33. Rcd1 Rd5 34. Qf3 Rc3 35. Qe4 b3 36. cxb3 Rxb3 37. Bxd4 Rb4 38. Qc2 Qxc2+ 39. Kxc2 Rbxd4 40. Rxd4 Rxd4 41. Ra1 a4 42. Rf1 Rc4+ 43. Kd3 Rb4 44. Ra1 Bxb2 45. Ra2 a3 46.
h4 Rxf4 47. Ke3 Rxh4 48. Kf3 Rg4 49. Ke3 Rxg5 50. Kf3 Rg1 51. Kf2 Ra1 52. Rxa1 Bxa1 53. Kf3 Bb2 54. Ke4 a2 55. Kf4 a1=Q 56. Kg5 Qc1+ 57.
Kh4 Bf6+ 58. Kg3 Qe3+ 59. Kg2 Be5 60. Kf1 Bg3 61. Kg2 Qf2+ 62. Kh3 Qh2# 0-1

[Event "*** Titled Tuesday Blitz"]
[Site "Chess.com"]
[Date "2020.05.05"]
[Round "8"]
[White "annamaja"]
[Black "starplatinum2030"]
[Result "0-1"]
[WhiteElo "2289"]
[BlackElo "2150"]
[TimeControl "180+1"]
[EndTime "11:35:58 PDT"]
[Termination "starplatinum2030 won by resignation"]

1. e4 c5 2. Nf3 e6 3. d4 cxd4 4. Nxd4 Nc6 5. Nb5 d6 6. c4 Nf6 7.
N1c3 a6 8. Nd4 Bd7 9. Be2 Be7 10. O-O Rc8 11. Be3 Ne5 12. b3 b5 13. f4 Ng6 14.
a3 O-O 15. Rc1 bxc4 16. Bxc4 e5 17. Nf5 exf4 18. Bxf4 Bxf5 19. exf5 Nxf4 20. Rxf4 d5 21. Be2 Bxa3 22. Rc2 Qb6+ 23. Kh1 Qxb3 24. Rf3 d4 25.
Bxa6 Rxc3 26. Rfxc3 dxc3 27. Qe2 Qb1+ 28. Qf1 Qxf1+ 29. Bxf1 Bb2 30. g3 Rd8 31. Kg2 Rd1 32. Be2 Rd2 33. Rxd2 cxd2 34. Kf3 Kf8 35. Ke3 Bc1 36.
Kd3 Ke7 37. Bf3 Kd6 38. Kd4 Ba3 39. Kc3 Bc1 40. Kd4 Nd5 41. Kd3 Nb4+ 42. Kc3 Nc6 43.
Kc2 Nd4+ 44. Kd1 Nxf3 45. h3 Ne5 46. g4 Nd3 47. Ke2 Nb2 48. g5 d1=Q+ 49. Kf2 Nd3+ 50. Kg3 Qg1+ 0-1

[Event "*** Titled Tuesday Blitz"]
[Site "Chess.com"]
[Date "2020.05.05"]
[Round "8"]
[White "crossingthestreet"]
[Black "marszach123"]
[Result "1-0"]
[WhiteElo "2288"]
[BlackElo "2143"]
[TimeControl "180+1"]
[EndTime "11:35:59 PDT"]
[Termination "crossingthestreet won on time"]

1. c4 e5 2. Nc3 Nf6 3. Nf3 Nc6 4. e3 Bb4 5. Qc2 O-O 6. Nd5 d6 7. a3 Ba5 8. b4 Bb6 9. Ng5 g6 10. h4 Bf5 11. Bd3 Bxd3 12. Qxd3 Nxd5 13. cxd5 Ne7 14.
h5 Nf5 15. Nxh7 Kxh7 16. hxg6+ Kxg6 17. g4 Qg5 18. gxf5+ Kf6 19. Bb2 Rh8 20. O-O-O Qxf5 21. e4 Qf4 22. Rh3 Rxh3 23. Qxh3 Qxe4 24. f4 Qxd5 25. Qh4+ Ke6 26. f5+ Kd7 27. Rh1 Bd4 28. Bxd4 Qxd4 29.
Qh7 Qa1+ 30. Kc2 Qa2+ 31. Kd1 Qb1+ 32. Ke2 Qe4+ 33. Kd1 Qb1+ 34. Ke2 Qe4+ 35. Kf2 Qf4+ 36. Kg2 Qg4+ 37. Kf2 Qf4+ 38. Ke1 Qg3+ 39. Kd1 Qg4+ 40.
Kc1 Qc4+ 41. Kb2 a5 42. b5 Qxb5+ 43. Kc2 Qc4+ 44. Kd1 1-0